 Dungeon Crawl Stone Soup version 0.27-a0-1312-g5cdb2b3542 (webtiles) character file.

Game seed: 1570981966824162929

10 27snakeeyes612 the Chopper (level 2, 0/40 HPs)
             Began as a Minotaur Berserker on June 19, 2021.
             Was a Follower of Trog.
             Slain by a gnoll (7 damage)
             ... on level 1 of the Dungeon.
             The game lasted 00:00:10 (224 turns).

27snakeeyes612 the Chopper (Minotaur Berserker)      Turns: 224, Time: 00:00:10

Health: 0/40       AC:  2    Str: 21    XL:     2   Next: 10%
Magic:  1/1        EV: 12    Int:  4    God:    Trog [*.....]
Gold:   4          SH:  0    Dex:  9    Spells: 1/1 levels left

rFire    . . .     SeeInvis .   a - +0 hand axe
rCold    . . .     Faith    .   (no shield)
rNeg     . . .     Spirit   .   b - +0 animal skin
rPois    .         Reflect  .   (helmet restricted)
rElec    .         Harm     .   (no cloak)
rCorr    .         Rampage  .   (no gloves)
Will     .....                  (no boots)
Stlth    ..........             (no amulet)
HPRegen  0.13/turn              (no ring)
MPRegen  0.07/turn              (no ring)

@: berserking, very quick
A: horns 2, retaliatory headbutt
a: Renounce Religion, Berserk


You were on level 1 of the Dungeon.
You worshipped Trog.
Trog was aware of your devotion.
You visited 1 branch of the dungeon, and saw 1 of its levels.

You collected 4 gold pieces.

Inventory:

Hand Weapons
 a - a +0 hand axe (weapon)
Armour
 b - a +0 animal skin (worn)
Scrolls
 c - a scroll of identify {unknown}
 d - a scroll of teleportation {unknown}
 e - a scroll of fear {unknown}


   Skills:
 + Level 3.9 Fighting
 + Level 4.0 Axes
 + Level 2.5 Armour
 + Level 2.2 Dodging


You had one spell level left.
You didn't know any spells.
Your spell library was empty.

Dungeon Overview and Level Annotations

Branches:
Dungeon (1/15)

Altars:


Innate Abilities, Weirdness & Mutations

You have a pair of horns on your head.
You reflexively headbutt those who attack you in melee.


Message History

You closely miss the ball python. You headbutt the ball python.
You kill the ball python!
Trog accepts your kill.
You hit the hobgoblin. The bat misses you. You furiously retaliate!
You headbutt the bat!
You kill the bat!
Trog accepts your kill.
The hobgoblin hits you but does no damage.
Your Axes skill increases to level 4!
You hit the hobgoblin.
The hobgoblin is almost dead.
You barely miss the gnoll. The hobgoblin closely misses you.
You furiously retaliate!
You headbutt the hobgoblin, but do no damage.
The gnoll hits you with a +0 flail!
You are too injured to fight recklessly!
You are too injured to fight recklessly!
You are too injured to fight recklessly!
You are too injured to fight recklessly!
You are too injured to fight recklessly!
You are too injured to fight recklessly!
You are too injured to fight recklessly!
You are too injured to fight recklessly!
You are too injured to fight recklessly!
You are too injured to fight recklessly!
You are too injured to fight recklessly!
You are too injured to fight recklessly!
You are too injured to fight recklessly!
You are too injured to fight recklessly!
You are too injured to fight recklessly!
A red film seems to cover your vision as you go berserk!
You feel yourself moving faster!
You feel mighty! The hobgoblin hits you. The gnoll hits you with a +0 flail!
* * * LOW HITPOINT WARNING * * *
You slash the gnoll!
The gnoll is almost dead.
You barely miss the hobgoblin. The hobgoblin hits you.
* * * LOW HITPOINT WARNING * * *
The gnoll hits you with a +0 flail!
You die...

######## #......##
#........ #........
#....#.. #gg.#>#..
######## #@†..#...
.......# #........
.......#########........
.......#................
.......'(...............
.......#....#####.......
.......#....# ###....
.†.....#....# ....
.......#.#### ...


You could see a gnoll and a hobgoblin.

Vanquished Creatures
  A dart slug (D:1)
  2 ball pythons (D:1)
  A goblin (D:1)
  2 quokkas (D:1)
  A bat (D:1)
7 creatures vanquished.

Notes
Turn   | Place    | Note
-------+----------+-------------------------------------------
     0 | D:1      | 27snakeeyes612 the Minotaur Berserker began the quest for
                  | the Orb.
     0 | D:1      | Reached XP level 1. HP: 19/19 MP: 0/0
   197 | D:1      | Reached XP level 2. HP: 25/27 MP: 1/1
   222 | D:1      | Reached skill level 4 in Axes
   224 | D:1      | Slain by a gnoll

Illustrated notes

Levels and vault maps discovered:
D:1:      evilmike_arrival_plus, layout_basic, basic_ecumenical_altar,
          st_stairs_14, minmay_pentomino_s4

Skill      XL: |  1  2 |
---------------+-------+-----
Axes           | 4 |  4.0
Fighting       | |  3.9
Armour         | |  2.5
Dodging        | |  2.2

Action                   || total
-------------------------++-------
Melee: Hand axe          ||    13
       Headbutt          ||     4
Invok: Berserk           ||     1
Armor: Animal skin       ||     3
Dodge: Dodged            ||    12

Table legend: (Time is in decaauts)
 A = Elapsed time spent in this place.
 B = Non-inter-level travel time spent in this place.
 C = Inter-level travel time spent in this place.
 D = Time resting spent in this place.
 E = Time spent auto-exploring this place.
 F = Levels seen in this place.
 G = Mean time per level.
                   A        B        C        D        E       F      G
               +--------+--------+--------+--------+--------+-----+--------+
         Total |    225 |    225 |      0 |      0 |    188 |   1 |  225.0 |
       Dungeon |    225 |    225 |      0 |      0 |    188 |   1 |  225.0 |
               +--------+--------+--------+--------+--------+-----+--------+

Top non-repeatable levels by time:
     D:1: 225 daAuts
